 Dungeon Crawl Stone Soup version 0.21.1-1-g345015f (webtiles) character file.

100081 ECKUS the Eclecticist (level 15, -1/84 HPs)
             Began as a Deep Elf Conjurer on Feb 23, 2018.
             Was a High Priest of Vehumet.
             Killed from afar by a shock serpent (10 damage)
             ... with an electric aura
             ... on level 1 of the Snake Pit on Feb 26, 2018.
             The game lasted 03:46:09 (33277 turns).

ECKUS the Eclecticist (Deep Elf Conjurer)          Turns: 33277, Time: 03:46:10

Health: -1/84      AC:  7    Str:  9    XL:     15   Next: 79%
Magic:  1/40       EV: 21    Int: 26    God:    Vehumet [*****.]
Gold:   1392       SH:  9    Dex: 26    Spells: 12/52 levels left

rFire    + + .     SeeInvis .   x - +1 whip of Zoiryism {protect, rPois rF+ Dex+6}
rCold    + . .     Gourm    +   T - +2 buckler
rNeg     + . .     Faith    .   h - +2 robe {rC+}
rPois    +         Spirit   .   (helmet restricted)
rElec    .         Reflect  .   w - +0 cloak
rCorr    +         Harm     .   y - +1 pair of gloves
MR       +++..                  (no boots)
Stlth    +++.......             C - amulet "Tifai" {Gourm rPois MR+}
HPRegen  0.24/turn              J - ring "Gexaig" {rCorr rF+ rN+ Slay+5}
MPRegen  0.27/turn              K - ring of Kuzimysm {Str+4 Dex+4}

@: no status effects
A: beak, blurry vision 1, magic resistance 1, mutation resistance 1
a: Renounce Religion


You were on level 1 of the Snake Pit.
You worshipped Vehumet.
Vehumet was extremely pleased with you.
You were very full.

You visited 4 branches of the dungeon, and saw 22 of its levels.
You also visited: Ossuary and Bailey.

You collected 2497 gold pieces.
You spent 1105 gold pieces at shops.

Inventory:

Hand Weapons
 x - the +1 whip of Zoiryism (weapon) {protect, rPois rF+ Dex+6}
   (You found it on level 4 of the Dungeon)

   It protects the one who uses it against injury (+AC on strike).
   It affects your dexterity (+6).
   It protects you from fire.
   It protects you from poison.
Missiles
 F - 49 tomahawks of returning (quivered)
Armour
 h - a +2 robe of cold resistance (worn)
 i - a +0 troll leather armour
 w - a +0 cloak (worn)
 y - a +1 pair of gloves (worn)
 T - a +2 buckler (worn)
Magical Staves
 L - an uncursed staff of wizardry
 Q - an uncursed staff of conjuration
Jewellery
 u - an uncursed ring of positive energy
 C - the amulet "Tifai" (around neck) {Gourm rPois MR+}
   (You took it off a deep elf mage on level 7 of the Dungeon)

   [amulet of the gourmand]

   It allows you to eat raw meat even when not hungry.
   It protects you from poison.
   It affects your resistance to hostile enchantments.
 E - an uncursed ring of protection from cold
 H - the amulet "Taunupsu" {Gourm rF+}
   (You found it on level 7 of the Dungeon)

   [amulet of the gourmand]

   It allows you to eat raw meat even when not hungry.
   It protects you from fire.
 J - the ring "Gexaig" (left hand) {rCorr rF+ rN+ Slay+5}
   (You found it on level 7 of the Dungeon)

   [ring of resist corrosion]

   It affects your accuracy and damage with ranged weapons and melee attacks
   (+5).
   It protects you from fire.
   It protects you from negative energy.
 K - the ring of Kuzimysm (right hand) {Str+4 Dex+4}
   (You found it on level 7 of the Dungeon)

   [ring of dexterity]

   It affects your strength (+4).
   It affects your dexterity (+4).
 X - an uncursed ring of flight
Wands
 b - a wand of iceblast (9)
 j - a wand of digging (16)
 l - a wand of flame (40)
 o - a wand of clouds (2)
Scrolls
 d - 5 scrolls of teleportation
 e - 4 scrolls of fog
 g - a scroll of fear
 m - 4 scrolls of magic mapping
 q - 4 scrolls of amnesia
 t - 17 scrolls of identify
 z - 11 scrolls of remove curse
 R - a scroll of enchant weapon
 U - a scroll of random uselessness {unknown}
 Z - a scroll of enchant armour
Potions
 a - a potion of ambrosia
 f - 2 potions of brilliance
 n - 6 potions of haste
 s - 4 potions of curing
 v - 2 potions of invisibility
 A - 4 potions of lignification
 B - 6 potions of flight
 M - a potion of cancellation {unknown}
Books
 O - a book of Fire

   Spells                             Type                      Level
   a - Ignite Poison                  Fire/Transmutation/Poison    3
   b - Fireball                       Conjuration/Fire             5
   c - Bolt of Fire                   Conjuration/Fire             6
   d - Ring of Flames                 Charms/Fire                  7
   e - Ignition                       Fire                         8
Comestibles
 c - 45 rations


   Skills:
 - Level 6.0 Fighting
 + Level 8.5 Dodging
 + Level 4.2 Stealth
 - Level 4.2 Shields
 - Level 19.0 Spellcasting
 - Level 16.0 Conjurations
   Level 1.5 Hexes
 - Level 4.0 Charms
 - Level 2.2 Translocations
 - Level 13.0 Fire Magic
 - Level 2.4 Ice Magic
 - Level 3.1 Air Magic
 - Level 4.3 Earth Magic
 - Level 1.5 Poison Magic


You had 12 spell levels left.
You knew the following spells:

 Your Spells              Type           Power        Failure   Level  Hunger
a - Magic Dart            Conj           ####         0%          1    None
b - Searing Ray           Conj           ######       0%          2    None
c - Swiftness             Chrm/Air       #####...     1%          2    None
d - Iskenderun's Mystic   Conj           #######.     1%          4    None
e - Force Lance           Conj/Tloc      ######..     1%          4    None
f - Blink                 Tloc           N/A          1%          2    None
g - Conjure Flame         Conj/Fire      #######.     0%          3    None
h - Mephitic Cloud        Conj/Pois/Air  ######..     1%          3    None
i - Ozocubu's Armour      Chrm/Ice       #####...     1%          3    None
j - Bolt of Magma         Conj/Fire/Erth ######....   1%          5    None
k - Fireball              Conj/Fire      #######...   1%          5    None
l - Bolt of Fire          Conj/Fire      #######...   1%          6    ##.....


Dungeon Overview and Level Annotations

Branches:
Dungeon (14/15)            Temple (1/1) D:7            Lair (6/6) D:8
 Shoals (0/4) Lair:3        Snake (1/4) Lair:4        Slime (0/5) Lair:5
    Orc (0/2) D:10         Vaults (0/5) D:13

Altars:
Ashenzari
Cheibriados
Dithmenos
Elyvilon
Fedhas
Gozag
Hepliaklqana
Kikubaaqudgha
Makhleb
Nemelex Xobeh
Okawaru
Qazlal
Ru
Sif Muna
Trog
Uskayaw
Vehumet
Wu Jian
Xom
Yredelemnul
Zin
The Shining One
Jiyva

Shops:
D:13 :

Annotations:
D:3 exclusion: downstairs
D:7 3 runed doors
D:11 exclusion: downstairs
Lair:2 exclusion: downstairs
Lair:4 exclusion: downstairs
Lair:5 exclusion: downstairs


Innate Abilities, Weirdness & Mutations

You have a beak for a mouth.
Scrolls take you a little longer to read.
You are resistant to hostile enchantments. (MR+)
You are somewhat resistant to further mutation.


Message History

That's the wrong kind of item! (Use * to select it.) Evoke which item? (* to show all) (? for menu, Esc to quit)
Okay, then.
Unknown command.
Unknown command.
Evoke which item? (* to show all) (? for menu, Esc to quit)
Aiming: Throw Flame
Press: ? - help, Shift-Dir - straight line, f - black mamba
Aim: a black mamba (severely wounded)
The puff of flame hits the shock serpent.
The shock serpent is moderately wounded.
The shock serpent's electric aura discharges, shocking you!
The shock serpent is engulfed in blazing flames.
The shock serpent shoots out a bolt of lightning at you!
The bolt of electricity hits you!
* * * LOW HITPOINT WARNING * * *
The shock serpent is engulfed in blazing flames.
The shock serpent misses you.
The shock serpent's electric aura discharges, shocking you!
You die...

.'.....[#########....## #.......+
.'.......'....##......###.......+
.'.......'.....'.......##.......#
.'.......'.....'........#.......#
##.......'....##.(..............#
##......##...##...>............#
##.....##...##.....)..........# #
##.....#'''##................# #
#+##.......#@..........###+## #
#........S#..........# #.# #
#.#...#...).#....†.....###.# #
......#.....#....).....'...# #
#.....#................'...# #
#........#............)'...# #
.#..###N#.............'...# '
#......#............####.## '
#...#N....#........## #...


You could see a naga warrior and a shock serpent.

Vanquished Creatures
  Kirke (Lair:5)
  Snorg (D:13)
  A fire dragon (Lair:6)
  4 naga warriors (Snake:1)
  An ice dragon (Lair:6)
  A centaur warrior (D:11)
  8 hydras
  A death knight (D:13)
  A catoblepas (Lair:2)
  5 two-headed ogres
  4 death yaks
  The ghost of arcanemastermind the Thaumaturge, a journeyman DEFE of Sif Muna (D:13)
  Urug (Lair:3)
  2 shock serpents (Snake:1)
  2 naga sharpshooters (Snake:1)
  A fire crab (Lair:4)
  2 unseen horrors
  A swamp dragon (Lair:6)
  3 lindwurms
  3 orc knights (Bailey)
  Pikel (D:7)
  3 mana vipers (Snake:1)
  A harpy (shapeshifter) (D:13)
  4 deep elf magi
  3 ugly things
  4 salamanders (Snake:1)
  8 elephants
  8 black mambas
  3 naga magi (Snake:1)
  13 spiny frogs
  5 torpor snails (Lair:6)
  A gargoyle (D:13)
  5 rime drakes
  12 komodo dragons
  A freezing wraith (D:13)
  6 trolls
  7 hornets (Lair:6)
  15 blink frogs
  3 tyrant leeches (Lair:6)
  Grinder (D:6)
  5 slime creatures
  A raiju (shapeshifter) (D:13)
  9 hippogriffs
  A shadow (D:12)
  2 wraiths (D:13)
  3 wyverns
  2 hogs (Lair:5)
  A human (shapeshifter) (D:13)
  Eustachio (D:6)
  61 yaks
  2 hungry ghosts (D:13)
  6 basilisks
  10 nagas
  A soldier ant (shapeshifter) (D:13)
  4 acid dragons
  Edmund (D:6)
  2 soldier ants
  10 porcupines
  9 water moccasins
  2 hell hounds (D:8)
  6 orc warriors
  2 swamp drakes (Lair:6)
  3 ice beasts
  5 sky beasts
  A black bear (shapeshifter) (D:13)
  A necrophage (D:12)
  7 ogres
  2 phantoms
  20 wolves
  12 crocodiles
  16 centaurs
  2 big kobolds
  19 bullfrogs
  2 elf zombies (Ossuary)
  A wyvern skeleton (D:8)
  3 scorpions
  3 killer bees (D:8)
  A water moccasin skeleton (D:12)
  2 howler monkeys
  8 lava snakes (D:10)
  6 crimson imps
  6 hounds
  A quasit (D:7)
  A centaur zombie (D:10)
  2 human zombies (Ossuary)
  2 bullfrog skeletons
  4 jellies
  An orc priest (D:11)
  8 iguanas
  11 orc wizards
  7 worker ants
  A big kobold zombie (Ossuary)
  A hound zombie (D:9)
  A hound skeleton (D:11)
  2 mummies (Ossuary)
  A worker ant zombie (D:10)
  22 adders
  8 gnolls
  A river rat (D:6)
  3 shadow imps
  2 oozes
  2 adder zombies (Ossuary)
  2 adder skeletons (D:7)
  3 worms
  3 dart slugs
  6 leopard geckos
  33 orcs
  9 giant cockroaches
  15 goblins
  9 hobgoblins
  14 jackals
  30 kobolds
  2 quokkas
  6 bats
  5 frilled lizards
  9 hobgoblin zombies (Ossuary)
  2 jackal zombies (Ossuary)
  9 kobold zombies (Ossuary)
  A leopard gecko skeleton (D:5)
  9 orc zombies (Ossuary)
  A quokka zombie (D:6)
  5 rats
  A rat zombie (Ossuary)
  A butterfly (Lair:3)
  A plant (Lair:6)
666 creatures vanquished.

Vanquished Creatures (others)
  5 humans (Lair:5)
  A slave (D:7)
  A hound (D:7)
  30 fungi
  34 plants
71 creatures vanquished.

Grand Total: 737 creatures vanquished

Notes
Turn   | Place    | Note
-------+----------+-------------------------------------------
     0 | D:1      | ECKUS the Deep Elf Conjurer began the quest for the Orb.
     0 | D:1      | Reached XP level 1. HP: 10/10 MP: 6/6
   122 | D:1      | Reached skill level 4 in Spellcasting
   122 | D:1      | Reached XP level 2. HP: 15/15 MP: 3/9
   540 | D:1      | Reached skill level 5 in Spellcasting
   540 | D:1      | Reached XP level 3. HP: 19/19 MP: 5/11
   813 | D:1      | Learned a level 2 spell: Searing Ray
  1057 | D:2      | Reached skill level 6 in Spellcasting
  1057 | D:2      | Reached XP level 4. HP: 24/24 MP: 8/14
  1343 | D:2      | You fall through a shaft for 2 floors!
  1355 | D:4      | Learned a level 3 spell: Dazzling Spray
  1418 | D:4      | Reached skill level 1 in Hexes
  1494 | D:4      | Reached XP level 5. HP: 28/28 MP: 6/15
  1583 | D:4      | Reached skill level 5 in Conjurations
  1724 | D:4      | Noticed an ogre
  2382 | D:3      | Reached XP level 6. HP: 32/32 MP: 12/17
  3256 | D:4      | Learned a level 4 spell: Iskenderun's Mystic Blast
  3684 | D:4      | Got a shimmering whip
  3685 | D:4      | Identified the +1 whip of Zoiryism {protect, rPois rF+ Dex+6} (You found it on level 4 of the Dungeon)
  3815 | D:5      | Entered Level 5 of the Dungeon
  3982 | D:5      | Noticed a water moccasin
  3989 | D:5      | Found a sand-covered staircase.
  3996 | Ossuary  | Entered an ossuary
  4781 | Ossuary  | Reached skill level 7 in Spellcasting
  4871 | Ossuary  | Reached XP level 7. HP: 36/36 MP: 11/19
  5317 | D:5      | Learned a level 4 spell: Force Lance
  5355 | D:5      | Reached skill level 1 in Translocations
  5496 | D:5      | Found a sparkling altar of Nemelex Xobeh.
  6014 | D:5      | Reached skill level 8 in Spellcasting
  6110 | D:6      | Reached XP level 8. HP: 41/41 MP: 8/22
  6185 | D:6      | Noticed Edmund
  6215 | D:6      | Killed Edmund
  6301 | D:6      | Noticed Grinder
  6306 | D:6      | Killed Grinder
  6306 | D:6      | Reached skill level 9 in Spellcasting
  6604 | D:6      | Found a burning altar of Makhleb.
  6613 | D:6      | Reached skill level 10 in Conjurations
  6845 | D:6      | Noticed Eustachio
  6964 | D:6      | Killed Eustachio
  6964 | D:6      | Reached XP level 9. HP: 45/45 MP: 15/24
  7141 | D:7      | Reached skill level 10 in Spellcasting
  7333 | D:7      | Reached skill level 1 in Fighting
  7442 | D:7      | Found a glowing golden altar of the Shining One.
  7498 | D:7      | Noticed Pikel
  7512 | D:7      | Killed Pikel
  7544 | D:7      | Found an iron altar of Okawaru.
  7544 | D:7      | Found an ancient bone altar of Kikubaaqudgha.
  7782 | D:7      | Found a staircase to the Ecumenical Temple.
  8001 | D:7      | Found a runed door.
  8001 | D:7      | Found a runed door.
  8003 | D:7      | Found a runed door.
  8221 | D:7      | Noticed a deep elf mage
  8235 | D:7      | Killed a deep elf mage
  8244 | D:7      | Reached skill level 11 in Spellcasting
  8370 | D:7      | Got a slimy garnet amulet
  8395 | D:7      | Got a clouded tin amulet
  8424 | D:7      | Reached XP level 10. HP: 25/58 MP: 10/27
  8806 | D:7      | Got a slimy pewter ring
  8809 | D:7      | Got a faintly glowing lapis lazuli ring
  8846 | D:7      | Identified the ring "Gexaig" {rCorr rF+ rN+ Slay+5} (You found it on level 7 of the Dungeon)
  8848 | D:7      | Identified the ring of Kuzimysm {Str+4 Dex+4} (You found it on level 7 of the Dungeon)
  8851 | D:7      | Identified the amulet "Tifai" {Gourm rPois MR+} (You took it off a deep elf mage on level 7 of the Dungeon)
  8853 | D:7      | Identified the amulet "Taunupsu" {Gourm rF+} (You found it on level 7 of the Dungeon)
  9411 | D:8      | Found a staircase to the Lair.
  9901 | D:8      | Noticed a two-headed ogre
  9903 | D:8      | Noticed a two-headed ogre
  9927 | D:8      | Killed a two-headed ogre
 10085 | D:8      | Killed a two-headed ogre
 10281 | D:8      | Found a shattered altar of Ashenzari.
 10282 | D:8      | Found a deep blue altar of Sif Muna.
 10282 | D:8      | Found an ornate altar of the Wu Jian Council.
 10282 | D:8      | Found a white marble altar of Elyvilon.
 10285 | D:8      | Found a bloodstained altar of Trog.
 10287 | D:8      | Found a stormy altar of Qazlal.
 10552 | D:8      | Learned a level 2 spell: Blink
 10556 | D:8      | Learned a level 3 spell: Conjure Flame
 10560 | D:8      | Learned a level 3 spell: Mephitic Cloud
 10574 | D:9      | Reached skill level 1 in Poison Magic
 10577 | D:9      | Reached skill level 1 in Fire Magic
 10577 | D:9      | Reached XP level 11. HP: 50/62 MP: 3/28
 10719 | D:9      | Reached skill level 1 in Air Magic
 11076 | D:9      | Noticed a cyan ugly thing
 11088 | D:9      | Killed a cyan ugly thing
 11439 | Temple   | Entered the Ecumenical Temple
 11447 | Temple   | Became a worshipper of Vehumet
 11495 | D:10     | Entered Level 10 of the Dungeon
 11696 | D:10     | Reached skill level 1 in Shields
 12181 | D:11     | Noticed a white ugly thing
 12188 | D:11     | Killed a white ugly thing
 12461 | Lair:1   | Entered Level 1 of the Lair of Beasts
 13037 | Lair:1   | Noticed a five-headed hydra
 13047 | Lair:1   | Killed a five-headed hydra
 13047 | Lair:1   | Reached skill level 12 in Spellcasting
 13060 | Lair:1   | Noticed an eight-headed hydra
 13077 | Lair:1   | Killed an eight-headed hydra
 13236 | Lair:1   | Noticed a seven-headed hydra
 13251 | Lair:1   | Killed a seven-headed hydra
 13251 | Lair:1   | Reached skill level 5 in Fire Magic
 13364 | Lair:1   | Learned a level 3 spell: Ozocubu's Armour
 13478 | Lair:1   | Reached * piety under Vehumet
 13478 | Lair:1   | Offered knowledge of Flame Tongue by Vehumet.
 13478 | Lair:1   | Reached skill level 1 in Charms
 13526 | Lair:1   | Reached skill level 1 in Ice Magic
 14292 | Lair:2   | Reached skill level 5 in Dodging
 14313 | Lair:2   | Reached XP level 12. HP: 59/67 MP: 4/30
 14579 | Lair:2   | Noticed a six-headed hydra
 14597 | Lair:2   | Killed a six-headed hydra
 14597 | Lair:2   | Reached skill level 13 in Spellcasting
 14881 | Lair:2   | Noticed a catoblepas
 14899 | Lair:2   | Killed a catoblepas
 14899 | Lair:2   | Reached skill level 5 in Fighting
 15055 | Lair:3   | Found a staircase to the Shoals.
 15129 | Lair:3   | Noticed Urug
 15157 | Lair:3   | Killed Urug
 15159 | Lair:3   | Noticed an eight-headed hydra
 15625 | Lair:3   | Killed an eight-headed hydra
 15752 | Lair:3   | Reached ** piety under Vehumet
 15761 | Lair:3   | Offered knowledge of Throw Flame by Vehumet.
 16615 | Lair:4   | Reached skill level 14 in Spellcasting
 16673 | Lair:4   | Gained mutation: You are resistant to hostile enchantments. (MR+) [potion of mutation]
 16673 | Lair:4   | Gained mutation: You have a beak for a mouth. [potion of mutation]
 16673 | Lair:4   | Gained mutation: Scrolls take you a little longer to read. [potion of mutation]
 16673 | Lair:4   | Gained mutation: You are somewhat resistant to further mutation. [potion of mutation]
 16931 | Lair:4   | Found a burning altar of Makhleb.
 16946 | Lair:4   | Found a staircase to the Snake Pit.
 17286 | Lair:4   | Reached skill level 15 in Spellcasting
 17287 | Lair:4   | Offered knowledge of Ignite Poison by Vehumet.
 17319 | Lair:4   | Reached skill level 16 in Spellcasting
 17319 | Lair:4   | Reached XP level 13. HP: 69/72 MP: 27/35
 17422 | Lair:4   | You fall through a shaft for 2 floors!
 17422 | Lair:6   | Entered Level 6 of the Lair of Beasts
 17422 | Lair:6   | Found a runed door.
 17433 | Lair:6   | HP: 3/72 [ice dragon/blast of cold (32)]
 17434 | Lair:6   | Reached skill level 17 in Spellcasting
 17979 | Lair:5   | Found a viscous altar of Jiyva.
 17979 | Lair:5   | Found a staircase to the Slime Pits.
 18536 | Lair:5   | Reached XP level 14. HP: 75/79 MP: 21/37
 18705 | Lair:5   | Reached *** piety under Vehumet
 19282 | Lair:5   | Noticed Kirke
 19290 | Lair:5   | Killed Kirke
 19720 | Lair:4   | Reached skill level 15 in Conjurations
 20383 | Lair:6   | Offered knowledge of Inner Flame by Vehumet.
 21703 | Lair:6   | Reached **** piety under Vehumet
 21817 | Lair:6   | Offered knowledge of Static Discharge by Vehumet.
 22315 | Lair:6   | Reached skill level 18 in Spellcasting
 23881 | Lair:6   | Reached skill level 19 in Spellcasting
 24484 | Lair:6   | Reached ***** piety under Vehumet
 24614 | Lair:6   | Offered knowledge of Bolt of Magma by Vehumet.
 25353 | Lair:6   | Learned a level 2 spell: Swiftness
 26124 | D:11     | Reached XP level 15. HP: 63/84 MP: 9/40
 26370 | D:11     | Learned a level 5 spell: Bolt of Magma
 26587 | D:11     | Reached skill level 1 in Earth Magic
 26986 | D:12     | Got a crude trident
 26989 | D:12     | Identified the +4 trident of Zin's Esteem {flame, +Rage Str+4 Stlth+} (You found it on level 12 of the Dungeon)
 28053 | D:13     | Found a flagged portal.
 28092 | Bailey   | Entered a bailey
 28526 | D:13     | Noticed Snorg
 28531 | D:13     | Killed Snorg
 28645 | D:13     | Reached skill level 10 in Fire Magic
 28806 | D:13     | Offered knowledge of Irradiate by Vehumet.
 28936 | D:13     | Found Taaraf's Book Boutique.
 28944 | D:13     | Bought a book of Fire for 1105 gold pieces
 28950 | D:13     | Learned a level 5 spell: Fireball
 29306 | D:13     | Noticed arcanemastermind's ghost (journeyman DEFE)
 29339 | D:13     | Killed arcanemastermind's ghost
 29382 | D:13     | Found a gate to the Vaults.
 30155 | D:10     | Found a staircase to the Orcish Mines.
 30975 | Snake:1  | Entered Level 1 of the Snake Pit
 32119 | Snake:1  | Learned a level 6 spell: Bolt of Fire
 33277 | Snake:1  | Killed from afar by a shock serpent

Skill      XL: |  1  2  3  4  5  6  7  8  9 10 11 12 13 14 15 |
---------------+----------------------------------------------+-----
Spellcasting   | 4 5 6 7 8 9 11 12 16 17 19 | 19.0
Hexes          | 1 |  1.5
Conjurations   | 6 7 8 10 11 14 15 16 | 16.0
Translocations | 2 |  2.2
Fighting       | 4 5 6 |  6.0
Dodging        | 4 6 8 |  8.5
Poison Magic   | 1 |  1.5
Fire Magic     | 1 5 8 9 13 | 13.0
Air Magic      | 2 3 |  3.1
Shields        | 4 |  4.2
Charms         | 2 4 |  4.0
Ice Magic      | 2 |  2.4
Stealth        | 3 4 |  4.2
Earth Magic    | 4 |  4.3

Action                   |  1- 3 |  4- 6 |  7- 9 | 10-12 | 13-15 || total
-------------------------+-------+-------+-------+-------+-------++-------
Melee: Whip              |       |       |    33 |    74 |   231 ||   338
       Peck              |       |       |       |     5 |    65 ||    70
       Staff             |       |       |       |     3 |       ||     3
       Trident           |       |       |       |       |     2 ||     2
 Fire: Hunting sling     |     6 |    15 |       |       |       ||    21
       Blowgun           |       |       |     8 |       |       ||     8
Throw: Stone             |       |       |       |     2 |       ||     2
       Tomahawk          |       |       |       |       |     3 ||     3
 Cast: Magic Dart        |    66 |   231 |   150 |   165 |   226 ||   838
       Searing Ray       |     1 |    10 |     6 |     1 |     1 ||    19
       Dazzling Spray    |       |     5 |     5 |       |       ||    10
       Iskenderun's Myst |       |     2 |    68 |   208 |   425 ||   703
       Force Lance       |       |       |     1 |     9 |    12 ||    22
       Blink             |       |       |       |     3 |    17 ||    20
       Conjure Flame     |       |       |       |    28 |    57 ||    85
       Mephitic Cloud    |       |       |       |    17 |    29 ||    46
       Ozocubu's Armour  |       |       |       |     9 |    20 ||    29
       Bolt of Magma     |       |       |       |       |    46 ||    46
       Fireball          |       |       |       |       |    44 ||    44
       Bolt of Fire      |       |       |       |       |    20 ||    20
Evoke: Wand              |       |       |     4 |     2 |     2 ||     8
  Use: Scroll            |       |     7 |     1 |    11 |    15 ||    34
       Potion            |       |       |     3 |    10 |    11 ||    24
 Stab: Confused          |       |       |       |     6 |     2 ||     8
       Invisible         |       |       |       |     5 |       ||     5
       Sleeping          |       |       |       |       |     1 ||     1
  Eat: Chunk             |       |     8 |    10 |    36 |    48 ||   102
       Ration            |       |     1 |     1 |       |       ||     2
Armor: Robe              |       |     2 |    22 |    18 |    40 ||    82
Dodge: Dodged            |     3 |    23 |    55 |   111 |   240 ||   432
Block: Buckler           |       |       |       |    24 |   146 ||   170
